 Dungeon Crawl Stone Soup version 0.29-a0-517-gbdf32494f2 (console) character file.

Game seed: 12214093963757342962

110 komoe the Skirmisher (level 4, 0/38 HPs)
             Began as a Mummy Wanderer on May 30, 2022.
             Slain by an iguana (1 damage)
             ... on level 4 of the Dungeon.
             The game lasted 00:04:24 (3359 turns).

komoe the Skirmisher (Mummy Wanderer)               Turns: 3359, Time: 00:04:25

Health: 0/38       AC:  3    Str: 19    XL:     4   Next: 61%
Magic:  8/8        EV: 11    Int: 11    God:
Gold:   49         SH:  0    Dex:  9    Spells: 7/8 levels left

rFire   x . .      SeeInvis .   a - +0 rapier
rCold   + . .      Faith    .   (no shield)
rNeg    + + +      Spirit   .   d - +0 leather armour
rPois   ∞          Reflect  .   (no helmet)
rElec   .          Harm     .   (no cloak)
rCorr   .          Rampage  .   (no gloves)
Will    .....                   (no boots)
Stlth   +.........              (no amulet)
HPRegen 0.12/turn               (no ring)
MPRegen 0.11/turn               (no ring)

@: about to teleport
A: cold resistance 1, negative energy resistance 3, torment resistance 2, heat
vulnerability 1, in touch with death 1, no potions
a: no special abilities


You were on level 4 of the Dungeon.
You visited 1 branch of the dungeon, and saw 4 of its levels.

You collected 49 gold pieces.

Inventory:

Hand Weapons
 a - a +0 rapier (weapon)
 g - a +0 hand axe
Armour
 d - a +0 leather armour (worn)
Miscellaneous
 b - a piece from Xom's chessboard (14/15)


   Skills:
 + Level 4.4 Fighting
 - Level 3.2 Short Blades
 - Level 2.6 Spellcasting
 - Level 1.0 Poison Magic
 + Level 1.8 Evocations


You had 7 spell levels left.
You knew the following spells:

 Your Spells              Type           Power      Damage    Failure   Level
a - Sting                 Tmut/Pois      8%         1d3       26%         1

Your spell library contained the following spells:

 Spells                   Type           Power      Damage    Failure   Level
 Ignite Poison            Fire/Tmut/Pois 2%         N/A       63%         3
 Frozen Ramparts          Ice            2%         1d2       67%         3
 Summon Ice Beast         Ice/Summ       1%         N/A       97%         4
 Ice Form                 Ice/Tmut       Unusable   N/A       N/A         4

Dungeon Overview and Level Annotations

Branches:
Dungeon (4/15)
 Temple: D:4-7

Altars:
The Shining One


Innate Abilities, Weirdness & Mutations

You are immune to poison.
Your flesh is cold resistant. (rC+)
You are immune to negative energy. (rN+++)
You are immune to unholy pain and torment.
You are vulnerable to heat. (rF-)
You are in touch with the powers of death.
You do not drink.


Message History

The ball python grabs you. The ball python constricts you.
You hit the ball python.
You kill the ball python!
The orc wizard gestures at you while chanting.
You are confused.
You see here a ball python corpse.
There is a stone staircase leading down here.
In your confused state, you trip and fall down the stairs.
You climb downwards.
The jackal bites you but does no damage.
The jackal barely misses you. The jackal bites you.
The iguana closely misses you.
There is a stone staircase leading up here.
There are monsters nearby!
You bump into the rock wall.
The jackal misses you.
The jackal bites you but does no damage.
The iguana bites you. The jackal closely misses you. The jackal bites you.
You barely miss the jackal. The jackal closely misses you.
The iguana bites you. The jackal barely misses you.
The jackal closely misses you. x2; The jackal misses you.
The jackal bites you.
Found a rapier and a leather armour.
You feel less confused.
The jackal bites you but does no damage.
The iguana attacks as you move away! The iguana bites you!
Found 2 boomerangs.
The jackal bites you but does no damage. x2
Okay, then.
As you read the scroll labelled LEGHOO ULUO, it crumbles to dust.
It is a scroll of identify.
You don't have any unidentified items.
The jackal closely misses you. x2; The iguana bites you!
* * * LOW HITPOINT WARNING * * *
The jackal misses you. The jackal closely misses you.
As you read the scroll of teleportation, it crumbles to dust.
You feel strangely unstable. The jackal bites you.
* * * LOW HITPOINT WARNING * * *
The iguana bites you.
* * * LOW HITPOINT WARNING * * *
The jackal barely misses you. The iguana attacks as you move away!
The iguana bites you.
You die...

.# ##.# #.( ##.#
#..# #..### #
#<..<#.####
...#.#.hh........
........l@........
....#.##..........
.. ...#...........
.......#........
...#".[..##.......
..##...... .......
## #)..... .....(
#.[.... ......


You could see an iguana and 2 jackals.

Vanquished Creatures
  2 gnolls (D:2)
  3 adders (D:2)
  2 worms
  2 dart slugs (D:3)
  5 ball pythons
  3 endoplasms (D:2)
  3 giant cockroaches
  3 goblins
  9 hobgoblins
  9 jackals
  2 quokkas
  3 frilled lizards
  2 kobolds (D:1)
  4 rats
52 creatures vanquished.

Notes
Turn   | Place    | Note
-------+----------+-------------------------------------------
     0 | D:1      | komoe the Mummy Wanderer began the quest for the Orb.
     0 | D:1      | komoe set off with the following items: a +0 rapier, a
                  | piece from Xom's chessboard (15/15), a scroll of
                  | teleportation, a +0 leather armour; and the following spell
                  | memorised: Sting; and the following spells available to
                  | memorise: Ignite Poison
     0 | D:1      | Reached XP level 1. HP: 15/15 MP: 4/4
   346 | D:1      | Reached skill level 2 in Fighting
   351 | D:1      | Reached XP level 2. HP: 9/22 MP: 5/5
  1402 | D:2      | Reached skill level 3 in Fighting
  1429 | D:2      | Gained mutation: You are in touch with the powers of death.
                  | [Mummy growth]
  1429 | D:2      | Reached XP level 3. HP: 21/29 MP: 7/7
  1801 | D:2      | Found a faded altar of an unknown god.
  2247 | D:2      | Reached XP level 4. HP: 32/37 MP: 8/8
  2299 | D:2      | Reached skill level 4 in Fighting
  3358 | D:4      | HP: 1/38 [iguana (5)]
  3359 | D:4      | Slain by an iguana

Illustrated notes

Levels and vault maps discovered:
D:1:      mrwooster_arrival_arrow, layout_rooms, minmay_tromino_mix6
D:2:      layout_loops_ring, basic_altar, basic_ecumenical_altar
D:3:      minmay_inner_zag, layout_loops_ring, minmay_fractal_squares_gapless_5
D:4:      layout_rooms, uniq_grinder

Skill      XL: |  1  2  3  4 |
---------------+-------------+-----
Fighting       | 2 3 4 |  4.4
Short Blades   | |  3.2
Spellcasting   | |  2.6
Poison Magic   | |  1.0
Evocations     | |  1.8

Action                   |  1- 3 |  4- 6 || total
-------------------------+-------+-------++-------
Melee: Rapier            |   162 |    80 ||   242
       Punch             |     3 |       ||     3
Evoke: Piece from Xom's  |       |     1 ||     1
  Use: Scroll            |       |     5 ||     5
 Stab: Petrified         |       |     4 ||     4
Armor: Leather armour    |    34 |    26 ||    60
Dodge: Dodged            |    82 |    61 ||   143

Table legend: (Time is in decaauts)
 A = Elapsed time spent in this place.
 B = Non-inter-level travel time spent in this place.
 C = Inter-level travel time spent in this place.
 D = Time resting spent in this place.
 E = Time spent auto-exploring this place.
 F = Levels seen in this place.
 G = Mean time per level.
                   A        B        C        D        E       F      G
               +--------+--------+--------+--------+--------+-----+--------+
         Total |   3371 |   3261 |    110 |   1707 |    871 |   4 |  842.8 |
       Dungeon |   3371 |   3261 |    110 |   1707 |    871 |   4 |  842.8 |
               +--------+--------+--------+--------+--------+-----+--------+

Top non-repeatable levels by time:
     D:1: 1853 daAuts
     D:2: 1109 daAuts
     D:3: 395 daAuts
     D:4: 13 daAuts
